ITL
AMARILLO ARCHDUKES @ PORTLAND PRIVATEERS
07/25/2030
 
TOP OF THE 1ST
Amarillo Archdukes batting - Pitching for Portland Privateers : RHP Ray McIntyre
Pitching: RHP Ray McIntyre
Batting: RHB Xie-li Fong 0-0: Called Strike
0-1: Ball
1-1: Fly out, F9 (Flyball, 9LSF)
Batting: LHB John Frost 0-0: Ball
1-0: Called Strike
1-1: Swinging Strike
1-2: Ball
2-2: Fly out, F7 (Flyball, 7D)
Batting: LHB José Martínez 0-0: Ball
1-0: Ball
2-0: Called Strike
2-1: Ball
3-1: Base on Balls
Batting: RHB Jesús Ramos 0-0: Ball
1-0: Ground out 5-3 (Groundball, 56S)
Top of the 1st over - 0 runs, 0 hits, 0 errors, 1 left on base; Amarillo 0 - Portland 0
BOTTOM OF THE 1ST
Portland Privateers batting - Pitching for Amarillo Archdukes : RHP Robinson Alomar
Pitching: RHP Robinson Alomar
Batting: RHB Carlos Castro 0-0: Called Strike
0-1: Foul Ball, location: 2F
0-2: Foul Ball, location: 2F
0-2: Ball
1-2: Ball
2-2: Foul Ball, location: 2F
2-2: Foul Ball, location: 2F
2-2: Ball
3-2: Strikes out looking
Batting: LHB Yasuhiko Onodera 0-0: Swinging Strike
0-1: Swinging Strike
0-2: Ground out 4-3 (Groundball, 4M)
Batting: SHB Jacob Knapp 0-0: Called Strike
0-1: SINGLE (Line Drive, 8RS)
Batting: RHB José Balina 0-0: Ball
1-0: Called Strike
1-1: Ball
2-1: Fly out, F7 (Flyball, 7S)
Bottom of the 1st over - 0 runs, 1 hit, 0 errors, 1 left on base; Amarillo 0 - Portland 0
TOP OF THE 2ND
Amarillo Archdukes batting - Pitching for Portland Privateers : RHP Ray McIntyre
Batting: LHB António Chávez 0-0: Ball
1-0: Swinging Strike
1-1: Swinging Strike
1-2: Fly out, F7 (Flyball, 78S)
Batting: RHB Eugenio Maldonado 0-0: Ball
1-0: Fly out, F9 (Flyball, 9)
Batting: RHB Jon Krohne 0-0: Ball
1-0: Fly out, F6 (Line Drive, 6D)
Top of the 2nd over - 0 runs, 0 hits, 0 errors, 0 left on base; Amarillo 0 - Portland 0
BOTTOM OF THE 2ND
Portland Privateers batting - Pitching for Amarillo Archdukes : RHP Robinson Alomar
Batting: LHB Dillon Beck 0-0: Called Strike
0-1: Called Strike
0-2: Ball
1-2: Ball
2-2: Foul Ball, location: 2F
2-2: Strikes out swinging
Batting: SHB Cory Campbell 0-0: Ball
1-0: Ball
2-0: Called Strike
2-1: DOUBLE (Groundball, 3L)
Batting: SHB Rodney Birling 0-0: Ball
1-0: Ball
2-0: Called Strike
2-1: Fly out, F8 (Flyball, 78M)
Batting: SHB José Espinoza 0-0: Ball
1-0: Swinging Strike
1-1: Called Strike
1-2: Foul Ball, location: 2F
1-2: Ball
2-2: Foul Ball, location: 2F
2-2: Ball
3-2: Fly out, F9 (Flyball, 9D)
Bottom of the 2nd over - 0 runs, 1 hit, 0 errors, 1 left on base; Amarillo 0 - Portland 0
TOP OF THE 3RD
Amarillo Archdukes batting - Pitching for Portland Privateers : RHP Ray McIntyre
Batting: RHB Nelson Castro 0-0: Ball
1-0: Called Strike
1-1: Called Strike
1-2: Foul Ball, location: 2F
1-2: Ball
2-2: Strikes out swinging
Batting: RHB Herb Bunch 0-0: Ball
1-0: Foul Ball, location: 2F
1-1: Ball
2-1: Ball
3-1: Swinging Strike
3-2: SINGLE (Flyball, 89S)
Batting: RHB Xie-li Fong 0-0: Ball
1-0: Ball
2-0: SINGLE (Line Drive, 4MD)
Herb Bunch to second
Batting: LHB John Frost 0-0: Called Strike
0-1: Ball
1-1: Swinging Strike
1-2: Fly out, F6 (Popup, 6M)
Batting: LHB José Martínez 0-0: Called Strike
0-1: Foul Ball, location: 2F
0-2: DOUBLE (Flyball, 89D)
Herb Bunch scores
Xie-li Fong to third
Runner from 3rd tries for Home, SAFE, throw made at trailing runner, OUT at third!
Top of the 3rd over - 2 runs, 3 hits, 0 errors, 0 left on base; Amarillo 2 - Portland 0
BOTTOM OF THE 3RD
Portland Privateers batting - Pitching for Amarillo Archdukes : RHP Robinson Alomar
Batting: SHB Luis Manuel López 0-0: Ball
1-0: Foul Ball, location: 2F
1-1: Ball
2-1: Foul Ball, location: 2F
2-2: Ground out 6-3 (Groundball, 6M)
Batting: RHB Carlos Castro 0-0: Called Strike
0-1: Foul Ball, location: 2F
0-2: Strikes out looking
Batting: LHB Yasuhiko Onodera 0-0: Called Strike
0-1: SINGLE (Groundball, 4MD)
Batting: SHB Jacob Knapp 0-0: Ball
1-0: Ground out 4-3 (Groundball, 4)
Bottom of the 3rd over - 0 runs, 1 hit, 0 errors, 1 left on base; Amarillo 2 - Portland 0
TOP OF THE 4TH
Amarillo Archdukes batting - Pitching for Portland Privateers : RHP Ray McIntyre
Batting: RHB Jesús Ramos 0-0: Ball
1-0: Swinging Strike
1-1: Ball
2-1: Foul Ball, location: 2F
2-2: Ground out 6-3 (Groundball, 6)
Batting: LHB António Chávez 0-0: Ball
1-0: Ball
2-0: Called Strike
2-1: Called Strike
2-2: Ball
3-2: DOUBLE (Line Drive, 9LS)
Pitching: RHP Gabe Lewis
Batting: RHB Eugenio Maldonado 0-0: Ball
1-0: Called Strike
1-1: Ball
2-1: Ball
3-1: Base on Balls
Batting: RHB Jon Krohne 0-0: Called Strike
0-1: Foul Ball, location: 2F
0-2: Strikes out swinging
Batting: RHB Nelson Castro 0-0: Ball
1-0: Called Strike
1-1: Foul Ball, location: 2F
1-2: Ground out 5-3 (Groundball, 5S)
Top of the 4th over - 0 runs, 1 hit, 0 errors, 2 left on base; Amarillo 2 - Portland 0
BOTTOM OF THE 4TH
Portland Privateers batting - Pitching for Amarillo Archdukes : RHP Robinson Alomar
Batting: RHB José Balina 0-0: Foul Ball, location: 2F
0-1: Ball
1-1: Swinging Strike
1-2: Fly out, F5 (Popup, 5F)
Batting: LHB Dillon Beck 0-0: Ball
1-0: Called Strike
1-1: Fly out, F4 (Line Drive, 4)
Batting: SHB Cory Campbell 0-0: Called Strike
0-1: Swinging Strike
0-2: Strikes out looking
Bottom of the 4th over - 0 runs, 0 hits, 0 errors, 0 left on base; Amarillo 2 - Portland 0
TOP OF THE 5TH
Amarillo Archdukes batting - Pitching for Portland Privateers : RHP Gabe Lewis
Batting: RHB Herb Bunch 0-0: Ground out 4-3 (Groundball, 4)
Batting: RHB Xie-li Fong 0-0: Ball
1-0: Swinging Strike
1-1: Called Strike
1-2: SINGLE (Line Drive, 6D)
Batting: LHB John Frost 0-0: Foul Ball, location: 2F
0-1: Swinging Strike
0-2: Ball
1-2: Ball
2-2: Ball
3-2: Base on Balls
Xie-li Fong to second
Batting: LHB José Martínez 0-0: Called Strike
0-1: Ball
1-1: Ball
2-1: Swinging Strike
2-2: Strikes out looking
Batting: RHB Jesús Ramos 0-0: Fly out, F7 (Flyball, 7LM)
Top of the 5th over - 0 runs, 1 hit, 0 errors, 2 left on base; Amarillo 2 - Portland 0
BOTTOM OF THE 5TH
Portland Privateers batting - Pitching for Amarillo Archdukes : RHP Robinson Alomar
Batting: SHB Rodney Birling 0-0: Fly out, F8 (Flyball, 8LD)
Batting: SHB José Espinoza 0-0: Ball
1-0: SINGLE (Line Drive, 89S)
Batting: SHB Luis Manuel López 0-0: Swinging Strike
0-1: Foul Ball, location: 2F
0-2: Ball
1-2: Ball
2-2: Strikes out swinging
Batting: RHB Carlos Castro 0-0: Ball
1-0: Called Strike
José Espinoza steals 2nd base
1-1: Ground out 6-3 (Groundball, 6)
Bottom of the 5th over - 0 runs, 1 hit, 0 errors, 1 left on base; Amarillo 2 - Portland 0
TOP OF THE 6TH
Amarillo Archdukes batting - Pitching for Portland Privateers : RHP Gabe Lewis
Batting: LHB António Chávez 0-0: Swinging Strike
0-1: Foul Ball, location: 2F
0-2: Strikes out swinging
Batting: RHB Eugenio Maldonado 0-0: Foul Ball, location: 2F
0-1: Fly out, F7 (Flyball, 7LD)
Batting: RHB Jon Krohne 0-0: Called Strike
0-1: Ball
1-1: Called Strike
1-2: SINGLE (Groundball, 56D)
Batting: RHB Nelson Castro 0-0: Ball
1-0: Fielders Choice at 2nd, 6-4 (Groundball, 6)
Top of the 6th over - 0 runs, 1 hit, 0 errors, 1 left on base; Amarillo 2 - Portland 0
BOTTOM OF THE 6TH
Portland Privateers batting - Pitching for Amarillo Archdukes : RHP Robinson Alomar
Batting: LHB Yasuhiko Onodera 0-0: Swinging Strike
0-1: Foul Ball, location: 2F
0-2: Ball
1-2: Strikes out swinging
Batting: SHB Jacob Knapp 0-0: Swinging Strike
0-1: Ball
1-1: Foul Ball, location: 2F
1-2: Ball
2-2: Foul Ball, location: 2F
2-2: Foul Ball, location: 2F
2-2: Fly out, F7 (Flyball, 7S)
Batting: RHB José Balina 0-0: Called Strike
0-1: DOUBLE (Line Drive, 78D)
Batting: LHB Dillon Beck 0-0: Swinging Strike
0-1: Ball
1-1: Foul Ball, location: 2F
1-2: Ball
2-2: SINGLE (Groundball, 6MD)
José Balina to third
Runner from 3rd tries for Home, SAFE, throw made home
Pitching: RHP Ignacio Beltrán
Batting: SHB Cory Campbell 0-0: Called Strike
0-1: Ball
1-1: Foul Ball, location: 2F
1-2: Foul Ball, location: 2F
1-2: Foul Ball, location: 2F
1-2: Ball
2-2: Fly out, F7 (Flyball, 7)
Bottom of the 6th over - 1 run, 2 hits, 0 errors, 1 left on base; Amarillo 2 - Portland 1
TOP OF THE 7TH
Amarillo Archdukes batting - Pitching for Portland Privateers : RHP Gabe Lewis
Batting: RHB Herb Bunch 0-0: Called Strike
0-1: Foul Ball, location: 2F
0-2: Ball
1-2: Reached on error, E4 (Groundball, 4S)
Pinch Hitting: LHB Brian Easdale 0-0: Intentional Walk
Batting: LHB John Frost 0-0: Ball
1-0: Ball
2-0: Foul Ball, location: 2F
2-1: Bunted foul
2-2: Strikes out looking
Batting: LHB José Martínez 0-0: Called Strike
0-1: Ball
1-1: Ball
2-1: Called Strike
2-2: Ball
3-2: Grounds into double play, 5-4-3 (Groundball, 56)
Top of the 7th over - 0 runs, 0 hits, 1 error, 1 left on base; Amarillo 2 - Portland 1
BOTTOM OF THE 7TH
Portland Privateers batting - Pitching for Amarillo Archdukes : RHP Ignacio Beltrán
Now in LF: Brian Easdale
Batting: SHB Rodney Birling 0-0: Ground out 4-3 (Groundball, 4)
Batting: SHB José Espinoza 0-0: Foul Ball, location: 2F
0-1: Ball
1-1: Ball
2-1: SOLO HOME RUN (Flyball, 78XD), Distance : 395 ft
Batting: SHB Luis Manuel López 0-0: Called Strike
0-1: Ball
1-1: Called Strike
1-2: Strikes out swinging
Batting: RHB Carlos Castro 0-0: Ball
1-0: Ball
2-0: Ball
3-0: Called Strike
3-1: Base on Balls
Batting: LHB Yasuhiko Onodera 0-0: Ball
1-0: Called Strike
1-1: Ground out 1-3 (Groundball, 13S)
Bottom of the 7th over - 1 run, 1 hit, 0 errors, 1 left on base; Amarillo 2 - Portland 2
TOP OF THE 8TH
Amarillo Archdukes batting - Pitching for Portland Privateers : RHP Gabe Lewis
Batting: RHB Jesús Ramos 0-0: Swinging Strike
0-1: Foul Ball, location: 2F
0-2: Ball
1-2: SINGLE (Groundball, 56D)
Pitching: RHP Ricardo Ontiveros
Batting: LHB António Chávez 0-0: Called Strike
0-1: Ball
1-1: Ball
2-1: Ball
3-1: Foul Ball, location: 2F
3-2: Base on Balls
Jesús Ramos to second
Batting: RHB Eugenio Maldonado 0-0: Ball
1-0: Called Strike
1-1: SINGLE (Groundball, 6D)
Jesús Ramos to third
António Chávez to second
Runner from 3rd tries for Home, SAFE, throw made home
Pinch Hitting: SHB Jeff Chambers 0-0: Ball
1-0: Ball
2-0: Ball
3-0: Base on Balls
António Chávez to third
Eugenio Maldonado to second
Pinch Hitting: LHB Jesús Bueno 0-0: Called Strike
0-1: SINGLE (Groundball, 34D)
António Chávez scores
Eugenio Maldonado to third
Jeff Chambers to second
Batting: RHB Herb Bunch 0-0: Called Strike
0-1: Grounds into fielders choice 4-2 (Groundball, 4)
Jeff Chambers to third
Jesús Bueno to second
Batting: LHB Brian Easdale 0-0: Ball
1-0: Ball
2-0: Fly out, F9 (Flyball, 89M)
Runner from 3rd tags up, SCORES, no throw
Pitching: LHP Alfredo González
Batting: LHB John Frost 0-0: Ball
1-0: SINGLE (Line Drive, 78M)
Jesús Bueno to third
Herb Bunch to second
Batting: LHB José Martínez 0-0: Called Strike
0-1: Ball
1-1: Ground out 1-3 (Groundball, 13S)
Top of the 8th over - 3 runs, 4 hits, 0 errors, 3 left on base; Amarillo 5 - Portland 2
BOTTOM OF THE 8TH
Portland Privateers batting - Pitching for Amarillo Archdukes : RHP Ignacio Beltrán
Now at 1B: Jeff Chambers
Now at 3B: Rich Henley
Batting: SHB Jacob Knapp 0-0: Ball
1-0: Ball
2-0: Ball
3-0: Base on Balls
Batting: RHB José Balina 0-0: Ball
1-0: Called Strike
1-1: Foul Ball, location: 2F
1-2: Ball
2-2: Strikes out swinging
Pitching: LHP Christiano Gomes
Batting: LHB Dillon Beck 0-0: Foul Ball, location: 2F
0-1: Swinging Strike
0-2: Fielders Choice at 2nd, 1-6 (Groundball, 13)
Batting: SHB Cory Campbell 0-0: Swinging Strike
0-1: Foul Ball, location: 2F
0-2: Foul Ball, location: 2F
0-2: Ball
1-2: SINGLE (Flyball, 34D)
Dillon Beck to second
Runner from 2nd tries for 3rd, SAFE, no throw
Pinch Runner at 3rd Jeff Dorney:
Batting: SHB Rodney Birling 0-0: Called Strike
0-1: SINGLE (Line Drive, 6D)
Jeff Dorney scores
Cory Campbell to second
Pinch Hitting: RHB Joe Bailey 0-0: Fly out, F7 (Flyball, 78D)
Bottom of the 8th over - 1 run, 2 hits, 0 errors, 2 left on base; Amarillo 5 - Portland 3
TOP OF THE 9TH
Amarillo Archdukes batting - Pitching for Portland Privateers : LHP Alfredo González
Now in LF: Jeff Dorney
Now in RF: Joe Bailey
Batting: RHB Jesús Ramos 0-0: Ball
1-0: Ball
2-0: Called Strike
2-1: Fly out, F9 (Line Drive, 9S)
Batting: LHB António Chávez 0-0: Called Strike
0-1: Foul Ball, location: 2F
0-2: Ground out 6-3 (Groundball, 6)
Batting: RHB Eugenio Maldonado 0-0: Called Strike
0-1: Ball
1-1: Ball
2-1: Ball
3-1: Foul Ball, location: 2F
3-2: Hit by Pitch
Batting: SHB Jeff Chambers 0-0: Foul Ball, location: 2F
0-1: Called Strike
0-2: Foul Ball, location: 2F
0-2: Ball
1-2: Foul Ball, location: 2F
1-2: Strikes out swinging
Top of the 9th over - 0 runs, 0 hits, 0 errors, 1 left on base; Amarillo 5 - Portland 3
BOTTOM OF THE 9TH
Portland Privateers batting - Pitching for Amarillo Archdukes : LHP Christiano Gomes
Batting: SHB Luis Manuel López 0-0: Foul Ball, location: 2F
0-1: Ball
1-1: SINGLE (Groundball, 56D)
Batting: RHB Carlos Castro 0-0: Ball
1-0: Ball
2-0: Called Strike
2-1: Foul Ball, location: 2F
2-2: Fly out, F8 (Flyball, 8LD)
Batting: LHB Yasuhiko Onodera 0-0: Ball
1-0: Called Strike
1-1: Swinging Strike
1-2: SINGLE (Line Drive, 6MD)
Luis Manuel López to second
Batting: SHB Jacob Knapp 0-0: Ball
1-0: Ball
2-0: Ball
3-0: Base on Balls
Luis Manuel López to third
Yasuhiko Onodera to second
Batting: RHB José Balina 0-0: Ball
1-0: Foul Ball, location: 2F
1-1: Ball
2-1: Ball
3-1: SINGLE (Flyball, 78M)
Luis Manuel López scores
Yasuhiko Onodera to third
Jacob Knapp to second
Runner from 3rd tries for Home, SAFE, no throw
Pitching: RHP Domingo León
Batting: LHB Jeff Dorney 0-0: Ball
1-0: Swinging Strike
1-1: Ball
2-1: Grounds into double play, 4-6-3 (Groundball, 4)
Bottom of the 9th over - 2 runs, 3 hits, 0 errors, 1 left on base; Amarillo 5 - Portland 5
TOP OF THE 10TH
Amarillo Archdukes batting - Pitching for Portland Privateers : LHP Alfredo González
Batting: RHB Rich Henley 0-0: Called Strike
0-1: Ball
1-1: Foul Ball, location: 2F
1-2: Strikes out looking
Batting: RHB Herb Bunch 0-0: Called Strike
0-1: Foul Ball, location: 2F
0-2: Strikes out swinging
Batting: LHB Brian Easdale 0-0: Ball
1-0: Ground out 4-3 (Groundball, 4)
Top of the 10th over - 0 runs, 0 hits, 0 errors, 0 left on base; Amarillo 5 - Portland 5
BOTTOM OF THE 10TH
Portland Privateers batting - Pitching for Amarillo Archdukes : RHP Domingo León
Batting: SHB Cory Campbell 0-0: Ball
1-0: Foul Ball, location: 2F
1-1: Foul Ball, location: 2F
1-2: Ground out 5-3 (Groundball, 56S)
Pinch Hitting: LHB Arturo López 0-0: Called Strike
0-1: Ground out 4-3 (Groundball, 4)
Batting: RHB Joe Bailey 0-0: Foul Ball, location: 2F
0-1: Ball
1-1: Ground out 5-3 (Groundball, 56)
Bottom of the 10th over - 0 runs, 0 hits, 0 errors, 0 left on base; Amarillo 5 - Portland 5
TOP OF THE 11TH
Amarillo Archdukes batting - Pitching for Portland Privateers : LHP Alfredo González
Now at 3B: Patrick Larson
Pinch Hitting: RHB Félix Trevino 0-0: Ball
1-0: Swinging Strike
1-1: Swinging Strike
1-2: Ball
2-2: Ball
3-2: Base on Balls
Pinch Runner at 1st Alfonso Huerta:
Pinch Hitting: RHB Fernando Castellanos 0-0: Foul Ball, location: 2F
0-1: Ball
1-1: Called Strike
Alfonso Huerta steals 2nd base
1-2: Foul Ball, location: 2F
1-2: Hit by Pitch
Batting: RHB Jesús Ramos 0-0: Called Strike
Throwing error on steal attempt, E2
Alfonso Huerta scores
Fernando Castellanos to third
0-1: SINGLE (Groundball, 6) (infield hit)
Fernando Castellanos scores
Batting: LHB António Chávez 0-0: Ball
1-0: Ball
2-0: Ball
3-0: Swinging Strike
3-1: Foul Ball, location: 2F
3-2: Fly out, F8 (Flyball, 8RD)
Batting: RHB Eugenio Maldonado 0-0: Ball
Jesús Ramos is caught stealing 2nd base
1-0: Ball
2-0: Ball
3-0: Base on Balls
Batting: SHB Jeff Chambers 0-0: Ball
1-0: Foul Ball, location: 2F
1-1: Foul Ball, location: 2F
1-2: Ground out 3-1 (Groundball, 34)
Top of the 11th over - 2 runs, 1 hit, 1 error, 1 left on base; Amarillo 7 - Portland 5
BOTTOM OF THE 11TH
Portland Privateers batting - Pitching for Amarillo Archdukes : RHP Domingo León
Now at C: Cisco Guerra
Now in CF: Juan Marrero
Batting: SHB Luis Manuel López 0-0: Foul Ball, location: 2F
0-1: Foul Ball, location: 2F
0-2: Foul Ball, location: 2F
0-2: Ball
1-2: Strikes out swinging
Batting: RHB Carlos Castro 0-0: Ball
1-0: Fly out, F3 (Line Drive, 3L)
Batting: LHB Yasuhiko Onodera 0-0: Ball
1-0: Swinging Strike
1-1: Ground out 4-3 (Groundball, 4)
Bottom of the 11th over - 0 runs, 0 hits, 0 errors, 0 left on base; Amarillo 7 - Portland 5
Saturday, April 7th, 2018 - OOTP Baseball 18.8 Build 76